TOP OF THE 1ST |
Montgomery Biscuits batting - Pitching for Memphis Blues : LHP Ramón Vázquez
|
Pitching: LHP Ramón Vázquez
|
|
Batting: RHB Carlos Vásquez
|
0-0: Swinging Strike 0-1: Ball 1-1: Foul Ball, location: 2F 1-2: SINGLE (Line Drive, 5L)
|
Batting: RHB Peyton Yardley
|
0-0: SINGLE (Groundball, 23) (infield hit) Carlos Vásquez to second
|
Batting: RHB Warren Martin
|
0-0: Called Strike 0-1: DOUBLE (Line Drive, 7LS) Carlos Vásquez scores Peyton Yardley to third Runner from 3rd tries for Home, SAFE, no throw or cutoff
|
Batting: RHB Pete Smith
|
0-0: Ball 1-0: Foul Ball, location: 2F 1-1: Called Strike 1-2: Strikes out swinging
|
Batting: RHB Dave Williams
|
0-0: Swinging Strike 0-1: Ball 1-1: Swinging Strike 1-2: Strikes out looking
|
Batting: SHB Jack Estes
|
0-0: Called Strike 0-1: Foul Ball, location: 2F 0-2: Strikes out looking
|
Top of the 1st over - 2 run(s), 3 hit(s), 0 error(s), 1 left on base; Montgomery 2 - Memphis 0 |
BOTTOM OF THE 1ST |
Memphis Blues batting - Pitching for Montgomery Biscuits : RHP Jeffrey Stephens
|
Pitching: RHP Jeffrey Stephens
|
|
Batting: SHB Terry Dailey
|
0-0: Ball 1-0: Called Strike 1-1: Ball 2-1: Swinging Strike 2-2: Foul Ball, location: 2F 2-2: Strikes out swinging
|
Batting: RHB Jaime Spiridon
|
0-0: Called Strike 0-1: Ball 1-1: Fly out, F6 (Line Drive, 6M)
|
Batting: RHB Dave Wookey
|
0-0: Ground out 6-3 (Groundball, 6)
|
Bottom of the 1st over - 0 run(s), 0 hit(s), 0 error(s), 0 left on base; Montgomery 2 - Memphis 0 |
TOP OF THE 2ND |
Montgomery Biscuits batting - Pitching for Memphis Blues : LHP Ramón Vázquez
|
Batting: RHB Rusty Downy
|
0-0: Called Strike 0-1: Ball 1-1: Called Strike 1-2: Ball 2-2: Foul Ball, location: 2F 2-2: Ball 3-2: Foul Ball, location: 2F 3-2: Base on Balls
|
Batting: RHB Raúl Alejándrez
|
0-0: Ball 1-0: Ball 2-0: Ball 3-0: Called Strike 3-1: Base on Balls Rusty Downy to second
|
Batting: LHB António Fernández
|
0-0: Called Strike 0-1: Foul Ball, location: 2F 0-2: Ball 1-2: Foul Ball, location: 2F 1-2: Strikes out looking
|
Batting: RHB Carlos Vásquez
|
0-0: Ball 1-0: Ball 2-0: Ball 3-0: Called Strike 3-1: Base on Balls Rusty Downy to third Raúl Alejándrez to second
|
Batting: RHB Peyton Yardley
|
0-0: Called Strike 0-1: Ball 1-1: Fly out, F7 (Line Drive, 7D) Runner from 3rd tags up, SCORES, no throw Raúl Alejándrez to third
|
Batting: RHB Warren Martin
|
0-0: Ball 1-0: Swinging Strike Pickoff Throw to First - Error! E1 Raúl Alejándrez scores Carlos Vásquez to second 1-1: SINGLE (Groundball, 56D) Carlos Vásquez to third Runner from 3rd tries for Home, SAFE, no throw or cutoff
|
Batting: RHB Pete Smith
|
0-0: Ball 1-0: Fly out, F8 (Flyball, 89D)
|
Top of the 2nd over - 3 run(s), 1 hit(s), 1 error(s), 1 left on base; Montgomery 5 - Memphis 0 |
BOTTOM OF THE 2ND |
Memphis Blues batting - Pitching for Montgomery Biscuits : RHP Jeffrey Stephens
|
Batting: RHB Scott Merritt
|
0-0: Called Strike 0-1: Called Strike 0-2: Foul Ball, location: 2F 0-2: Fly out, F8 (Flyball, 8LM)
|
Batting: RHB Artie Green
|
0-0: Ball 1-0: SINGLE (Groundball, 6MD)
|
Batting: RHB Ed Starr
|
0-0: Called Strike 0-1: Foul Ball, location: 2F 0-2: Ball 1-2: Ball 2-2: TRIPLE (Flyball, 7LS) Artie Green scores
|
Batting: LHB John Foster
|
0-0: Called Strike 0-1: Ball 1-1: Ball 2-1: DOUBLE (Flyball, 9D) Ed Starr scores
|
Batting: SHB Fernando Gutiérrez
|
0-0: Swinging Strike 0-1: DOUBLE (Line Drive, 89M) John Foster scores
|
Batting: RHB Ángel Hernández
|
0-0: Swinging Strike 0-1: Called Strike 0-2: Ball 1-2: Ball 2-2: Foul Ball, location: 2F 2-2: Fly out, F3 (Popup, 3F)
|
Batting: SHB Terry Dailey
|
0-0: Foul Ball, location: 2F 0-1: DOUBLE (Groundball, 5L) Fernando Gutiérrez scores
|
Batting: RHB Jaime Spiridon
|
0-0: Ball 1-0: Foul Ball, location: 2F 1-1: Fly out, F7 (Flyball, 78M)
|
Bottom of the 2nd over - 4 run(s), 5 hit(s), 0 error(s), 1 left on base; Montgomery 5 - Memphis 4 |
TOP OF THE 3RD |
Montgomery Biscuits batting - Pitching for Memphis Blues : LHP Ramón Vázquez
|
Batting: RHB Dave Williams
|
0-0: Called Strike 0-1: Foul Ball, location: 2F 0-2: Strikes out swinging
|
Batting: SHB Jack Estes
|
0-0: Called Strike 0-1: Foul Ball, location: 2F 0-2: Strikes out swinging
|
Batting: RHB Rusty Downy
|
0-0: Ball 1-0: Foul Ball, location: 2F 1-1: Ball 2-1: Ground out 5-3 (Groundball, 5L)
|
Top of the 3rd over - 0 run(s), 0 hit(s), 0 error(s), 0 left on base; Montgomery 5 - Memphis 4 |
BOTTOM OF THE 3RD |
Memphis Blues batting - Pitching for Montgomery Biscuits : RHP Jeffrey Stephens
|
Batting: RHB Dave Wookey
|
0-0: Swinging Strike 0-1: Hit by Pitch
|
Batting: RHB Scott Merritt
|
0-0: Called Strike Dave Wookey steals 2nd base 0-1: Fly out, F8 (Flyball, 8LM)
|
Pitching: RHP Steven Browne
|
|
Batting: RHB Artie Green
|
0-0: Ball 1-0: Ball 2-0: Fly out, F8 (Line Drive, 8RM)
|
Batting: RHB Ed Starr
|
0-0: Swinging Strike 0-1: Ball Wild Pitch! Dave Wookey to third 1-1: Ball 2-1: Ball 3-1: Called Strike 3-2: Base on Balls
|
Batting: LHB John Foster
|
0-0: SINGLE (Groundball, 4MD) Dave Wookey scores Ed Starr to second
|
Batting: SHB Fernando Gutiérrez
|
0-0: Ball 1-0: Called Strike 1-1: Hit by Pitch Ed Starr to third John Foster to second
|
Batting: RHB Ángel Hernández
|
0-0: Ball 1-0: Called Strike 1-1: Ground out U3 (Groundball, 3S)
|
Bottom of the 3rd over - 1 run(s), 1 hit(s), 0 error(s), 3 left on base; Montgomery 5 - Memphis 5 |
TOP OF THE 4TH |
Montgomery Biscuits batting - Pitching for Memphis Blues : LHP Ramón Vázquez
|
Batting: RHB Raúl Alejándrez
|
0-0: Called Strike 0-1: Ball 1-1: Foul Ball, location: 2F 1-2: Foul Ball, location: 2F 1-2: Ball 2-2: Ball 3-2: Base on Balls
|
Batting: LHB António Fernández
|
0-0: Ball 1-0: Called Strike 1-1: Called Strike 1-2: Foul Ball, location: 2F 1-2: DOUBLE (Line Drive, 78M) Raúl Alejándrez to third
|
Batting: RHB Carlos Vásquez
|
0-0: Ball 1-0: Foul Ball, location: 2F 1-1: Foul Ball, location: 2F 1-2: Ground out 6-3 (Groundball, 6) Raúl Alejándrez scores
|
Batting: RHB Peyton Yardley
|
0-0: Called Strike 0-1: Foul Ball, location: 2F 0-2: Strikes out looking
|
Batting: RHB Warren Martin
|
0-0: Ball 1-0: Ground out 4-3 (Groundball, 4)
|
Top of the 4th over - 1 run(s), 1 hit(s), 0 error(s), 1 left on base; Montgomery 6 - Memphis 5 |
BOTTOM OF THE 4TH |
Memphis Blues batting - Pitching for Montgomery Biscuits : RHP Steven Browne
|
Batting: SHB Terry Dailey
|
0-0: Ball 1-0: Ball 2-0: Foul Ball, location: 2F 2-1: Swinging Strike 2-2: Foul Ball, location: 2F 2-2: Ball 3-2: Foul Ball, location: 2F 3-2: Ground out 5-3 (Groundball, 56)
|
Batting: RHB Jaime Spiridon
|
0-0: Foul Ball, location: 2F 0-1: Called Strike 0-2: Strikes out swinging
|
Batting: RHB Dave Wookey
|
0-0: SINGLE (Line Drive, 78S)
|
Batting: RHB Scott Merritt
|
0-0: Ball 1-0: Called Strike 1-1: Ball 2-1: Foul Ball, location: 2F 2-2: Ball 3-2: Base on Balls Dave Wookey to second
|
Batting: RHB Artie Green
|
0-0: Ball 1-0: Foul Ball, location: 2F 1-1: Ball 2-1: Swinging Strike 2-2: Ball 3-2: Base on Balls Dave Wookey to third Scott Merritt to second
|
Batting: RHB Ed Starr
|
0-0: Foul Ball, location: 2F 0-1: Foul Ball, location: 2F 0-2: Foul Ball, location: 2F 0-2: Ground out 5-3 (Groundball, 56S)
|
Bottom of the 4th over - 0 run(s), 1 hit(s), 0 error(s), 3 left on base; Montgomery 6 - Memphis 5 |
TOP OF THE 5TH |
Montgomery Biscuits batting - Pitching for Memphis Blues : LHP Ramón Vázquez
|
Batting: RHB Pete Smith
|
0-0: Ball 1-0: Ball 2-0: Called Strike 2-1: Foul Ball, location: 2F 2-2: Ball 3-2: Foul Ball, location: 2F 3-2: Base on Balls
|
Batting: RHB Dave Williams
|
0-0: Ball 1-0: Grounds into double play, U6-3 (Groundball, 6)
|
Batting: SHB Jack Estes
|
0-0: Ball 1-0: Called Strike 1-1: Ground out 4-3 (Groundball, 4)
|
Top of the 5th over - 0 run(s), 0 hit(s), 0 error(s), 0 left on base; Montgomery 6 - Memphis 5 |
BOTTOM OF THE 5TH |
Memphis Blues batting - Pitching for Montgomery Biscuits : RHP Steven Browne
|
Batting: LHB John Foster
|
0-0: Foul Ball, location: 2F 0-1: Fly out, F8 (Flyball, 89M)
|
Batting: SHB Fernando Gutiérrez
|
0-0: Fly out, F8 (Flyball, 8LM)
|
Batting: RHB Ángel Hernández
|
0-0: Swinging Strike 0-1: Foul Ball, location: 2F 0-2: Ball 1-2: Ball 2-2: Foul Ball, location: 2F 2-2: Strikes out looking
|
Bottom of the 5th over - 0 run(s), 0 hit(s), 0 error(s), 0 left on base; Montgomery 6 - Memphis 5 |
TOP OF THE 6TH |
Montgomery Biscuits batting - Pitching for Memphis Blues : LHP Ramón Vázquez
|
Batting: RHB Rusty Downy
|
0-0: Foul Ball, location: 2F 0-1: Ball 1-1: Ground out 6-3 (Groundball, 6M)
|
Pitching: LHP Fernando Palácios
|
|
Batting: RHB Raúl Alejándrez
|
0-0: Called Strike 0-1: Ball 1-1: Fly out, F4 (Popup, 4M)
|
Batting: LHB António Fernández
|
0-0: Called Strike 0-1: Ball 1-1: Fly out, F5 (Popup, 15)
|
Top of the 6th over - 0 run(s), 0 hit(s), 0 error(s), 0 left on base; Montgomery 6 - Memphis 5 |
BOTTOM OF THE 6TH |
Memphis Blues batting - Pitching for Montgomery Biscuits : RHP Steven Browne
|
Pitching: LHP Trevor Nichols
|
|
Batting: SHB Terry Dailey
|
0-0: Foul Ball, location: 2F 0-1: Ball 1-1: Foul Ball, location: 2F 1-2: Strikes out swinging
|
Batting: RHB Jaime Spiridon
|
0-0: Swinging Strike 0-1: Fly out, F8 (Flyball, 8RS)
|
Batting: RHB Dave Wookey
|
0-0: Called Strike 0-1: Ball 1-1: Ball 2-1: Swinging Strike 2-2: Strikes out swinging
|
Bottom of the 6th over - 0 run(s), 0 hit(s), 0 error(s), 0 left on base; Montgomery 6 - Memphis 5 |
TOP OF THE 7TH |
Montgomery Biscuits batting - Pitching for Memphis Blues : LHP Fernando Palácios
|
Batting: RHB Carlos Vásquez
|
0-0: Ground out 5-3 (Groundball, 5)
|
Batting: RHB Peyton Yardley
|
0-0: Ball 1-0: Ground out 6-3 (Groundball, 6M)
|
Batting: RHB Warren Martin
|
0-0: DOUBLE (Line Drive, 5D)
|
Batting: RHB Pete Smith
|
0-0: Ball 1-0: Ball 2-0: Called Strike 2-1: Ball 3-1: Base on Balls
|
Batting: RHB Dave Williams
|
0-0: Called Strike 0-1: Ball 1-1: SINGLE (Groundball, 56) Warren Martin to third Pete Smith to second Runner from 3rd tries for Home, SAFE, no throw or cutoff
|
Batting: SHB Jack Estes
|
0-0: Ball 1-0: Ball 2-0: Foul Ball, location: 2F 2-1: Fly out, F7 (Flyball, 78S)
|
Top of the 7th over - 1 run(s), 2 hit(s), 0 error(s), 2 left on base; Montgomery 7 - Memphis 5 |
BOTTOM OF THE 7TH |
Memphis Blues batting - Pitching for Montgomery Biscuits : LHP Trevor Nichols
|
Batting: RHB Scott Merritt
|
0-0: Called Strike 0-1: Foul Ball, location: 2F 0-2: Ball 1-2: Foul Ball, location: 2F 1-2: SINGLE (Groundball, 56D) (infield hit)
|
Batting: RHB Artie Green
|
0-0: Ball Wild Pitch! Scott Merritt to second 1-0: Ground out 6-3 (Groundball, 56)
|
Batting: RHB Ed Starr
|
0-0: Called Strike 0-1: Ball 1-1: Ball 2-1: Ball 3-1: Foul Ball, location: 2F 3-2: Base on Balls
|
Batting: LHB John Foster
|
0-0: Ball 1-0: Ball 2-0: Ball 3-0: Base on Balls Scott Merritt to third Ed Starr to second
|
Pinch Hitting: RHB Glenn Johnson
|
0-0: Swinging Strike 0-1: Foul Ball, location: 2F 0-2: Foul Ball, location: 2F 0-2: Ball 1-2: Foul Ball, location: 2F 1-2: Ball 2-2: Ball 3-2: Strikes out swinging
|
Batting: RHB Ángel Hernández
|
0-0: Ball 1-0: Ball 2-0: Called Strike 2-1: Foul Ball, location: 2F 2-2: Ball 3-2: Strikes out swinging
|
Bottom of the 7th over - 0 run(s), 1 hit(s), 0 error(s), 3 left on base; Montgomery 7 - Memphis 5 |
TOP OF THE 8TH |
Montgomery Biscuits batting - Pitching for Memphis Blues : LHP Fernando Palácios
|
Now at 2B: Glenn Johnson
|
|
Batting: RHB Rusty Downy
|
0-0: Ball 1-0: Ball 2-0: Ball 3-0: Called Strike 3-1: Called Strike 3-2: Foul Ball, location: 2F 3-2: Base on Balls
|
Pitching: RHP David Bates
|
|
Batting: RHB Raúl Alejándrez
|
0-0: Ball 1-0: Sac Bunt - play at first, batter OUT! 1-4 Rusty Downy to second
|
Batting: LHB António Fernández
|
0-0: Swinging Strike 0-1: Swinging Strike 0-2: Foul Ball, location: 2F 0-2: Strikes out swinging
|
Batting: RHB Carlos Vásquez
|
0-0: Swinging Strike 0-1: Foul Ball, location: 2F 0-2: Strikes out swinging
|
Top of the 8th over - 0 run(s), 0 hit(s), 0 error(s), 1 left on base; Montgomery 7 - Memphis 5 |
BOTTOM OF THE 8TH |
Memphis Blues batting - Pitching for Montgomery Biscuits : LHP Trevor Nichols
|
Pitching: RHP Jorge Gonzáles
|
|
Batting: SHB Terry Dailey
|
0-0: Ball 1-0: Called Strike 1-1: Called Strike 1-2: Strikes out swinging
|
Batting: RHB Jaime Spiridon
|
0-0: Ground out 5-3 (Groundball, 56)
|
Batting: RHB Dave Wookey
|
0-0: Ball 1-0: Called Strike 1-1: Swinging Strike 1-2: Foul Ball, location: 2F 1-2: Ball 2-2: Strikes out swinging
|
Bottom of the 8th over - 0 run(s), 0 hit(s), 0 error(s), 0 left on base; Montgomery 7 - Memphis 5 |
TOP OF THE 9TH |
Montgomery Biscuits batting - Pitching for Memphis Blues : RHP David Bates
|
Batting: RHB Peyton Yardley
|
0-0: Foul Ball, location: 2F 0-1: Ball 1-1: SOLO HOME RUN (Line Drive, 7D), Distance : 399 ft
|
Batting: RHB Warren Martin
|
0-0: Ball 1-0: Ground out 6-3 (Groundball, 6)
|
Batting: RHB Pete Smith
|
0-0: Called Strike 0-1: Ball 1-1: Foul Ball, location: 2F 1-2: DOUBLE (Groundball, 3L)
|
Batting: RHB Dave Williams
|
0-0: Called Strike 0-1: Ball 1-1: Called Strike 1-2: Ball 2-2: Strikes out looking
|
Batting: SHB Jack Estes
|
0-0: Called Strike 0-1: Ball 1-1: Ground out 5-3 (Groundball, 15S)
|
Top of the 9th over - 1 run(s), 2 hit(s), 0 error(s), 1 left on base; Montgomery 8 - Memphis 5 |
BOTTOM OF THE 9TH |
Memphis Blues batting - Pitching for Montgomery Biscuits : RHP Jorge Gonzáles
|
Pitching: RHP Rick Grant
|
|
Batting: RHB Scott Merritt
|
0-0: Ground out 6-3 (Groundball, 6M)
|
Batting: RHB Artie Green
|
0-0: Called Strike 0-1: SINGLE (Line Drive, 6M)
|
Batting: RHB Ed Starr
|
0-0: Swinging Strike 0-1: Ball 1-1: Ball 2-1: Foul Ball, location: 2F 2-2: Strikes out looking
|
Batting: LHB John Foster
|
0-0: Ball 1-0: Ball 2-0: Ball 3-0: Base on Balls Artie Green to second
|
Batting: RHB Glenn Johnson
|
0-0: Ball 1-0: Foul Ball, location: 2F 1-1: Ball 2-1: Foul Ball, location: 2F 2-2: Fly out, F6 (Popup, 6)
|
Bottom of the 9th over - 0 run(s), 1 hit(s), 0 error(s), 2 left on base; Montgomery 8 - Memphis 5 |
|